General information
- name: grudge
- type: Custom game
- host: GOKUMoN69
- saver: GOKUMoN69
map: TirisfalGlades
- players: 7
- length: 21:42
- speed: Fast
- version: 1.21 W3XP
- replay type: Public
» download(84 KB)
Players
team 1 (loser)
Dexanth (
gray | 120 APM | 2605 actions | 21:41)
1 Demon Hunter
1 Mana Burn
6 Goblin Alchemist
3 Acid Bomb
2 Chemical Rage
1 Transmute
» actions
| Assign group hotkey | 48 | |
| Basic commands | 17 | |
| Build / train | 73 | |
| Enter build submenu | 27 | |
| Enter hero's abilities submenu | 7 | |
| Give item / drop item | 1 | |
| Remove unit from queue | 2 | |
| Right click | 1250 | |
| Select / deselect | 332 | |
| Select group hotkey | 742 | |
| Use ability | 106 | |
2605 total
» units
| Wisp | 17 | |
| Archer | 5 | |
| Dryad | 14 | |
| Druid of the Claw | 3 | |
39 total
» upgrades
| Ultravision | 1 | |
| Druid of the Claw Training | 2 | |
| Abolish Magic | 1 | |
| Well Spring | 1 | |
| Strength of the Wild | 1 | |
| Reinforced Hides | 2 | |
8 total
» buildings
| Altar of Elders | 1 | |
| Moon Well | 6 | |
| Ancient of War | 1 | |
| Tree of Ages | 1 | |
| Hunter's Hall | 1 | |
| Ancient of Wonders | 3 | |
| Ancient Protector | 4 | |
| Ancient of Wind | 2 | |
| Ancient of Lore | 2 | |
| Tree of Eternity | 2 | |
| Tree of Life | 3 | |
26 total
» build order
00:08 Altar of Elders
00:20 Moon Well
00:36 Ancient of War
01:30 Moon Well
02:37 Tree of Ages
03:04 Moon Well
03:13 Hunter's Hall
04:47 Ancient of Wonders
04:50 Ancient Protector
04:51 Ancient of Wonders
05:05 Ancient of Wind
05:07 Ancient of Lore
05:09 Ancient of Lore
05:58 Tree of Eternity
05:58 Tree of Eternity
08:19 Moon Well
10:47 Tree of Life
11:24 Tree of Life
11:37 Moon Well
11:53 Ancient Protector
11:58 Ancient Protector
12:38 Ancient Protector
15:15 Moon Well
16:32 Ancient of Wind
17:05 Tree of Life
17:34 Ancient of Wonders
» items
| Boots of Speed | 1 | |
| Scroll of Town Portal | 2 | |
| Potion of Healing | 1 | |
| Lesser Clarity Potion | 2 | |
| Orb of Venom | 2 | |
| Dust of Appearance | 2 | |
10 total
team 2 (winner)
1st_Panzer_Div. (
purple | 123 APM | 2676 actions | 21:41)
5 Death Knight
3 Death Coil
2 Unholy Aura
4 Crypt Lord
2 Impale
2 Spiked Carapace
3 Dreadlord
1 Sleep
2 Vampiric Aura
» actions
| Assign group hotkey | 390 | |
| Basic commands | 309 | |
| Build / train | 71 | |
| ESC pressed | 3 | |
| Enter build submenu | 19 | |
| Enter hero's abilities submenu | 12 | |
| Right click | 457 | |
| Select / deselect | 429 | |
| Select group hotkey | 866 | |
| Use ability | 120 | |
2676 total
» units
| Acolyte | 6 | |
| Ghoul | 18 | |
| Crypt Fiend | 1 | |
| Gargoyle | 1 | |
| Obsidian Statue | 2 | |
| Meatwagon | 6 | |
| Abomination | 1 | |
| Banshee | 6 | |
41 total
» upgrades
| Cannibalize | 1 | |
| Unholy Strength | 2 | |
| Unholy Armor | 1 | |
| Ghoul Frenzy | 1 | |
| Banshee Training | 2 | |
7 total
» buildings
| Crypt | 1 | |
| Altar of Darkness | 1 | |
| Ziggurat | 6 | |
| Tomb of Relics | 1 | |
| Graveyard | 1 | |
| Halls of the Dead | 1 | |
| Nerubian Tower | 1 | |
| Black Citadel | 1 | |
| Slaughterhouse | 1 | |
| Sacrificial Pit | 1 | |
| Boneyard | 1 | |
| Temple of the Damned | 2 | |
| Necropolis | 1 | |
19 total
» build order
00:07 Crypt
00:12 Altar of Darkness
00:28 Ziggurat
01:04 Tomb of Relics
01:37 Ziggurat
02:07 Graveyard
03:31 Halls of the Dead
03:52 Nerubian Tower
03:53 Ziggurat
04:13 Ziggurat
06:35 Black Citadel
06:37 Slaughterhouse
07:23 Sacrificial Pit
08:14 Ziggurat
14:23 Boneyard
14:42 Temple of the Damned
15:22 Temple of the Damned
15:56 Ziggurat
19:37 Necropolis
» items
| Rod of Necromancy | 3 | |
| Orb of Corruption | 1 | |
4 total
observersGOKUMoN69,
buly.kirb,
aZN.FRIEZa.007,
stiknork,
3DGAYWORLD Chat log
(00:37 / All) 1st_Panzer_Div.: I'm seriously covering the mike when I cough
(00:46 / All) 1st_Panzer_Div.: better
(00:57 / All) 1st_Panzer_Div.: I use voice activation
(00:58 / All) 1st_Panzer_Div.: noob
(01:08 / All) 1st_Panzer_Div.: yup
(01:16 / All) 1st_Panzer_Div.: ok you do that
(01:31 / All) 1st_Panzer_Div.: `
(01:45 / All) 1st_Panzer_Div.: haha
(01:46 / All) 1st_Panzer_Div.: hahaha
(01:58 / All) 1st_Panzer_Div.: but grandma
(02:01 / All) 1st_Panzer_Div.: I'm playing
(02:09 / All) 1st_Panzer_Div.: my nuts
(02:13 / All) 1st_Panzer_Div.: you know they hurt
(02:29 / Observers) 3DGAYWORLD: HELL YEAH DEX
(02:33 / Observers) 3DGAYWORLD: KITE DEM BITCHES
(02:46 / All) 1st_Panzer_Div.: yup
(03:01 / All) 1st_Panzer_Div.: best of 7000
(03:15 / All) 1st_Panzer_Div.: lol
(03:33 / Observers) aZN.FRIEZa.007: how come alchy first
(03:49 / Observers) buly.kirb: acid bomb vs ghouls
(03:50 / Observers) GOKUMoN69: tryin to be remind
(03:54 / Observers) buly.kirb: he needs aoe
(04:06 / Observers) GOKUMoN69: it worked for a pro gamer
(04:08 / Observers) aZN.FRIEZa.007: oic
(04:15 / Observers) aZN.FRIEZa.007: is it a better spell than fire breath
(04:19 / Observers) buly.kirb: is there a limit on the number of units acid bomb effects ? or is it "every unit in area"
(04:20 / Observers) GOKUMoN69: no
(04:32 / Observers) GOKUMoN69: but he will go panda second
(04:49 / Observers) GOKUMoN69: 1 armor
(04:54 / Observers) GOKUMoN69: 2
(05:05 / Observers) GOKUMoN69: a tome I guess
(05:17 / All) 1st_Panzer_Div.: watch this shit
(05:23 / All) 1st_Panzer_Div.: lol jk
(05:29 / All) 1st_Panzer_Div.: not this map
(05:38 / Observers) GOKUMoN69: that would be sick
(05:39 / All) 1st_Panzer_Div.: tr 3 fiends can do it
(06:04 / Observers) GOKUMoN69: you can do with 4 grunts and 2 heros
(06:29 / All) 1st_Panzer_Div.: those trees are not the right ones to cut
(06:46 / Observers) 3DGAYWORLD: SOLO /W ALCH
(06:46 / Observers) GOKUMoN69: going for cold warms
(06:57 / All) 1st_Panzer_Div.: man I want this to be dota
(07:01 / All) 1st_Panzer_Div.: then I'd get 100% mana regen
(07:07 / All) 1st_Panzer_Div.: best dk ever
(07:21 / Observers) aZN.FRIEZa.007: round 4 should be dota
(07:23 / Observers) GOKUMoN69: jacked
(07:46 / Observers) buly.kirb: oh shit neg 4 armor gg ghouls
(07:59 / Observers) GOKUMoN69: dex lost
(08:01 / All) 1st_Panzer_Div.: wow
(08:06 / Observers) GOKUMoN69: he isn't remind
(08:17 / All) 1st_Panzer_Div.: unexpected
(08:19 / Observers) aZN.FRIEZa.007: wait was it changed to 5 rounds
(08:23 / All) 1st_Panzer_Div.: doiesn't even come close
(08:25 / Observers) GOKUMoN69: maybe
(08:28 / All) Dexanth: ^^
(09:19 / Observers) 3DGAYWORLD: dex needs to get a second hero
(09:20 / Observers) 3DGAYWORLD: ffs
(09:30 / Observers) GOKUMoN69: FOR FUCKED SAKE
(09:34 / Observers) buly.kirb: 2nd heros are for noobs
(09:36 / Observers) aZN.FRIEZa.007: we don't see U in this round of the tournament... maybe u should back off
(09:37 / Observers) buly.kirb: pros can do it with 1
(09:37 / Observers) 3DGAYWORLD: FUCKING SHIT BITCH
(10:04 / Observers) 3DGAYWORLD: is massing fairie dragons pro or nub?
(10:18 / All) 1st_Panzer_Div.: mass fucking imba
(10:29 / Observers) aZN.FRIEZa.007: mass 5
(10:39 / All) 1st_Panzer_Div.: WHAT THE FUCK DO YOU MEAN THE PIG IS NOT MINE
(11:14 / Observers) 3DGAYWORLD: god
(11:20 / All) 1st_Panzer_Div.: lol
(11:20 / Observers) 3DGAYWORLD: he has to get that alch to level 6 to stand any chance
(11:45 / Observers) GOKUMoN69: 43-70 dmg
(12:09 / Observers) buly.kirb: thats pretty fuckin awesome
(12:15 / Observers) aZN.FRIEZa.007: what did i miss
(12:20 / Observers) buly.kirb: whats lvl 3 chem rage add to that ?
(12:20 / Observers) 3DGAYWORLD: oh snap
(12:22 / Observers) aZN.FRIEZa.007: iw as busy messin w/ my gf
(12:30 / Observers) 3DGAYWORLD: lol that owns azn
(12:35 / Observers) aZN.FRIEZa.007: i know she's like
(12:40 / Observers) aZN.FRIEZa.007: frieza you should shoutcast for these things
(12:46 / Observers) aZN.FRIEZa.007: and i'm like you know it babey
(12:49 / Observers) GOKUMoN69: azn frieza 007 2 u
(12:52 / Observers) 3DGAYWORLD: fuck
(12:58 / Observers) 3DGAYWORLD: three heros trumps one
(13:16 / Observers) buly.kirb: what was that purplr shit ?
(13:28 / Observers) GOKUMoN69: healing item
(13:33 / Observers) GOKUMoN69: from the creeps
(13:40 / Observers) buly.kirb: scroll ?
(13:43 / Observers) GOKUMoN69: yeah
(13:46 / Observers) aZN.FRIEZa.007: is mass dryad the usual strat against ud
(13:48 / Observers) 3DGAYWORLD: this is like an exact repeat of last game
(13:48 / Observers) GOKUMoN69: likea super one
(13:54 / Observers) GOKUMoN69: yes
(14:01 / Observers) 3DGAYWORLD: except with dryads and an alch
(14:02 / Observers) aZN.FRIEZa.007: DHDHDHDHDHDH
(14:06 / Observers) GOKUMoN69: chims would have owned
(14:29 / Observers) 3DGAYWORLD: i want to 1v1 dex now
(14:34 / Observers) buly.kirb: use wells on dryads omfg
(14:50 / Observers) aZN.FRIEZa.007: don't cuss this is being broadcasted on BaLzTV
(14:54 / Observers) 3DGAYWORLD: where is he putting all his money
(14:59 / Observers) GOKUMoN69: oh my farting god use moonwells
(15:08 / Observers) buly.kirb: the alhemist has expensive habits
(15:08 / All) 1st_Panzer_Div.: haha
(15:27 / Observers) aZN.FRIEZa.007: that reminds me
(15:31 / Observers) aZN.FRIEZa.007: i hope d3 has poison potions like usual
(15:38 / Observers) 3DGAYWORLD: i hope d3 owns
(15:47 / Observers) 3DGAYWORLD: they said something about more customization/specialization
(15:49 / Observers) aZN.FRIEZa.007: poisonbarb
(15:49 / Observers) 3DGAYWORLD: hoping thats true
(15:49 / Observers) buly.kirb: u know it will
(15:56 / Observers) aZN.FRIEZa.007: i remember
(15:58 / Observers) aZN.FRIEZa.007: early on
(15:59 / Observers) buly.kirb: blizzard does not dissapoint
(16:06 / Observers) aZN.FRIEZa.007: there was this glitch where you give a barb 1 poison potion in each hand
(16:09 / Observers) 3DGAYWORLD: blizzard is pretty awful with customization though
(16:10 / Observers) aZN.FRIEZa.007: and he glitches so you can't use him janymore
(16:11 / All) 1st_Panzer_Div.: long way
(16:15 / All) 1st_Panzer_Div.: lol
(16:22 / Observers) aZN.FRIEZa.007: funiest grief
(16:23 / Observers) 3DGAYWORLD: what blizzard game has ever allowed customization?
(16:29 / Observers) GOKUMoN69: wow
(16:32 / Observers) aZN.FRIEZa.007: wow
(16:34 / Observers) 3DGAYWORLD: no
(16:36 / Observers) 3DGAYWORLD: wow is bullshit
(16:43 / Observers) aZN.FRIEZa.007: ...
(16:43 / Observers) 3DGAYWORLD: no customization aside from a few shitty faces
(16:45 / All) 1st_Panzer_Div.: air time
(16:46 / All) 1st_Panzer_Div.: air time
(16:50 / Observers) 3DGAYWORLD: and three shitty skill trees
(16:52 / Observers) aZN.FRIEZa.007: are you retarded
(16:56 / Observers) aZN.FRIEZa.007: you can change the hair color
(17:00 / Observers) GOKUMoN69: hahaha
(17:00 / Observers) 3DGAYWORLD: lol
(17:02 / Observers) buly.kirb: hahahaha
(17:03 / Observers) GOKUMoN69: miss
(17:06 / Observers) buly.kirb: fuckin pro
(17:20 / Observers) aZN.FRIEZa.007: ooo man banshees
(17:23 / Observers) 3DGAYWORLD: wonder why purple never expos
(17:39 / Observers) aZN.FRIEZa.007: yeah he realy had the upper hand there
(17:43 / Observers) aZN.FRIEZa.007: then he just sorta kicked back
(17:54 / Observers) 3DGAYWORLD: haha
(17:56 / Observers) aZN.FRIEZa.007: i dont really know what dex is doin here
(17:58 / Observers) 3DGAYWORLD: grey keeps expecting him to expo
(18:04 / Observers) 3DGAYWORLD: something awful
(18:05 / Observers) 3DGAYWORLD: thats what
(18:08 / Observers) aZN.FRIEZa.007: that was a rly bad call
(18:18 / Observers) aZN.FRIEZa.007: might be workin tho
(18:21 / Observers) 3DGAYWORLD: this is what makes me think i can beat them
(18:28 / Observers) 3DGAYWORLD: dex at least
(18:29 / Observers) buly.kirb: you cant
(18:30 / Observers) buly.kirb: trust me
(18:40 / Observers) 3DGAYWORLD: i know youre right
(18:47 / Observers) 3DGAYWORLD: because even though it LOOKS like i could do better
(18:51 / Observers) 3DGAYWORLD: they always own me hardcore
(18:53 / Observers) 3DGAYWORLD: whenever we place
(18:55 / All) 1st_Panzer_Div.: lol
(18:55 / Observers) 3DGAYWORLD: *play
(18:55 / All) 1st_Panzer_Div.: haha
(18:59 / All) 1st_Panzer_Div.: you need to pwn him
(19:09 / All) 1st_Panzer_Div.: don't fucking expo
(19:34 / Observers) 3DGAYWORLD: purp just needs to finish him
(19:47 / All) 1st_Panzer_Div.: more bears time
(20:49 / All) 1st_Panzer_Div.: STOP IT
(21:40 / All) Dexanth: GG